 Dungeon Crawl Stone Soup version 0.30.1-9-gdf580d7c3d (webtiles) character file.

Game seed: 4240897942023236891

780 lonewolfV2 the Covered (level 7, -11/55 HPs)
             Began as a Demonspawn Fighter on Oct 11, 2023.
             Mangled by a two-headed ogre
             ... wielding a +0 giant club
              (35 damage)
             ... on level 5 of the Dungeon.
             The game lasted 00:05:10 (3971 turns).

lonewolfV2 the Covered (Demonspawn Fighter)         Turns: 3971, Time: 00:05:10

Health: -11/55     AC:  3    Str: 19    XL:     7   Next: 55%
Magic:  7/7        EV: 11    Int:  9    God:
Gold:   126        SH:  6    Dex: 15    Spells: 6/6 levels left

rFire   . . .        a - +0 war axe
rCold   . . .        c - +1 buckler
rNeg    . . .        k - +0 leather armour "Wobiw" {-Tele Dex+3 SInv}
rPois   .            (no helmet)
rElec   .            (no cloak)
rCorr   .            (no gloves)
SInv    +            (no boots)
Will    .....        (no amulet)
Stlth   +            (no ring)
HPRegen 0.29/turn    (no ring)
MPRegen 0.10/turn

%: no teleportation
@: no status effects
A: hooves 1, foul stench 1
a: no special abilities


You were on level 5 of the Dungeon.
You visited 1 branch of the dungeon, and saw 5 of its levels.

You collected 126 gold pieces.

Inventory:

Hand Weapons
 a - a +0 war axe (weapon)
Armour
 b - a +0 scale mail
 c - a +1 buckler (worn)
 k - the +0 leather armour "Wobiw" (worn) {-Tele Dex+3 SInv}
   (You found it on level 4 of the Dungeon)

   Dex:       It affects your dexterity (+3).
   SInv:      It lets you see invisible.
   -Tele:     It prevents most forms of teleportation.
Jewellery
 e - a ring of poison resistance
Wands
 m - a wand of paralysis (4)
Scrolls
 g - 5 scrolls of identify
 h - a scroll of teleportation
 n - a scroll of fog
Potions
 d - 2 potions of might
 f - a potion of brilliance
 i - a potion of magic
 j - a potion of heal wounds
 l - a potion of attraction


   Skills:
 + Level 4.7 Fighting
 + Level 4.7 Axes
 + Level 4.9 Armour
 + Level 1.4 Dodging
 + Level 0.5 Stealth
 + Level 3.7 Shields


You had 6 spell levels left.
You didn't know any spells.
Your spell library contained the following spells:

 Spells                   Type           Power      Damage    Failure   Level
 Alistair's Intoxication  Tmut/Pois      0%         N/A       100%        5
 Borgnjor's Vile Clutch   Necr/Erth      0%         N/A       100%        5
 Eringya's Noxious Bog    Tmut/Pois      0%         N/A       100%        6


Dungeon Overview and Level Annotations

Branches:
Dungeon (5/15)
 Temple: D:4-7

Altars:
Kikubaaqudgha


Innate Abilities, Weirdness & Mutations

You have large cloven feet.
You may rarely emit foul miasma when damaged in melee.


Message History

As you read the scroll of identify, it crumbles to dust.
f - a potion of brilliance The hound barks!
A hound is nearby!
A hound is nearby!
You block the hound's attack.
You slash the hound! You kick the hound.
The hound is heavily wounded.
The hound barely misses you. The hound bites you.
You barely miss the hound. Your kick misses the hound.
The hound is heavily wounded.
The hound closely misses you. x2
You hit the hound. You kick the hound.
The hound is almost dead.
The hound closely misses you. You block the hound's attack.
You slash the hound!
You kill the hound!
You see here a hound corpse.
You see here a hound corpse.
You see here a hound corpse.
Found a club.
A two-headed ogre comes into view.
It is wielding a +0 giant club and a +0 dire flail.
A two-headed ogre is nearby!
A two-headed ogre is nearby!
Found a shiny brass wand.
The two-headed ogre hits you with a +0 giant club!!
The two-headed ogre hits you with a +0 dire flail!
You hit the two-headed ogre.
The two-headed ogre is lightly wounded.
The two-headed ogre hits you with a +0 giant club!
* * * LOW HITPOINT WARNING * * *
The two-headed ogre hits you with a +0 dire flail!
* * * LOW HITPOINT WARNING * * *
You feel much better.
You hit the two-headed ogre but do no damage.
You kick the two-headed ogre.
The two-headed ogre is lightly wounded.
The two-headed ogre hits you with a +0 giant club!!
Ouch! That really hurt!
You die...

#.# ##
##############.########.
#.......................
#).##.#.#.###############
#.###### ##.#.#.# ##.#.##
####.# #@## ### #O/# #..
..## #.# #### #######.#
#........ #.#####.# #.#
#.# #.# #.. #.# ###


You could see a two-headed ogre.

Vanquished Creatures
  2 ogres (D:4)
  2 scorpions (D:4)
  An orc priest (D:5)
  4 hounds (D:5)
  2 sleepcaps
  Jessica (D:2)
  Terence (D:2)
  An iguana (D:5)
  7 gnolls
  7 adders
  2 worms (D:2)
  3 dart slugs
  4 orcs (D:5)
  3 bats
  8 endoplasms
  3 giant cockroaches
  8 goblins
  5 hobgoblins
  3 jackals (D:2)
  11 kobolds
  A quokka (D:2)
  8 ball pythons
  3 frilled lizards
  2 rats (D:2)
92 creatures vanquished.

Notes
Turn   | Place    | Note
-------+----------+-------------------------------------------
     0 | D:1      | lonewolfV2 the Demonspawn Fighter began the quest for the
                  | Orb.
     0 | D:1      | Reached XP level 1. HP: 18/18 MP: 1/1
    41 | D:1      | Found a faded altar of an unknown god.
   359 | D:1      | Gained mutation: You may rarely emit foul miasma when
                  | damaged in melee. [demonic ancestry]
   359 | D:1      | Reached XP level 2. HP: 24/24 MP: 2/2
  1163 | D:2      | Noticed Terence
  1175 | D:2      | Killed Terence
  1176 | D:2      | Reached XP level 3. HP: 13/30 MP: 3/3
  1387 | D:2      | Reached XP level 4. HP: 21/37 MP: 4/4
  1443 | D:2      | Noticed Jessica
  1461 | D:2      | Killed Jessica
  1518 | D:2      | Reached XP level 5. HP: 35/42 MP: 5/5
  2124 | D:3      | Found an ancient bone altar of Kikubaaqudgha.
  2150 | D:3      | You fall into a shaft and drop 2 floors!
  2150 | D:5      | Entered Level 5 of the Dungeon
  2306 | D:5      | Reached skill level 1 in Dodging
  2306 | D:5      | Gained mutation: You have large cloven feet. [demonic
                  | ancestry]
  2306 | D:5      | Reached XP level 6. HP: 33/48 MP: 6/6
  2929 | D:4      | Reached XP level 7. HP: 43/55 MP: 7/7
  3010 | D:4      | Identified the +5 scale mail of the Apothecary {Fly rC+}
  3019 | D:4      | Identified the +0 leather armour "Wobiw" {-Tele Dex+3 SInv}
  3967 | D:5      | Noticed a two-headed ogre
  3971 | D:5      | Mangled by a two-headed ogre

Illustrated notes

Levels and vault maps discovered:
D:1:      doesnt_arrival_eight_statues, layout_loops_ring,
          ebering_ecumenical_altar_rust, chequers_serial_rivers_small_b,
          wad_floor_pattern_untrapped
D:2:      minmay_spotlight, layout_basic, minmay_between, uniq_jessica,
          uniq_terence
D:3:      layout_basic, chequers_temple_overflow_statue_of_worship
D:4:      layout_loops_ring, minmay_circle_x
D:5:      layout_loops_corners, minmay_small_thing, uniq_eustachio, uniq_ijyb

Skill      XL: |  1  2  3  4  5  6 |
---------------+-------------------+-----
Armour         | 3 4 |  4.9
Axes           | 2 3 4 |  4.7
Shields        | 3 |  3.7
Fighting       | 4 |  4.7
Dodging        | 1 |  1.4
Stealth        | |  0.5

Action                     |  1- 3 |  4- 6 |  7- 9 || total
---------------------------+-------+-------+-------++-------
  Melee: War axe           |    72 |   139 |    46 ||   257
         Kick              |       |    19 |    20 ||    39
    Use: Scroll            |     5 |     5 |     3 ||    13
         Potion            |       |     1 |     3 ||     4
 Armour: Scale mail        |    39 |    60 |     5 ||   104
         Leather armour    |       |       |     6 ||     6
  Dodge: Dodged            |    42 |    68 |    25 ||   135
  Block: Buckler           |    27 |    41 |    11 ||    79
